 Dungeon Crawl Stone Soup version 0.29.0-4-gdea44cf6ec (webtiles) character file.

Game seed: 6982627568381876988

87 qw the Chopper (level 4, 0/26 HPs)
             Began as a Tengu Warper on Aug 28, 2022.
             Slain by an orc priest
             ... wielding a +0 short sword
              (1 damage)
             ... on level 2 of the Dungeon.
             The game lasted 00:00:12 (1904 turns).

qw the Chopper (Tengu Warper)                       Turns: 1904, Time: 00:00:13

Health: 0/26       AC:  8    Str: 14    XL:     4   Next: 51%
Magic:  8/8        EV:  6    Int: 13    God:
Gold:   143        SH:  0    Dex: 13    Spells: 7/7 levels left

rFire   . . .      SeeInvis .   Y - +0 hand axe
rCold   . . .      Faith    .   (no shield)
rNeg    . . .      Spirit   .   j - +0 chain mail
rPois   .          Reflect  .   (helmet restricted)
rElec   .          Harm     .   (no cloak)
rCorr   .          Rampage  .   (no gloves)
Will    .....                   (boots unavailable)
Stlth   ..........              (no amulet)
HPRegen 0.08/turn               (no ring)
MPRegen 0.11/turn               (no ring)

@: about to teleport
A: beak, talons 3
a: no special abilities


You were on level 2 of the Dungeon.
You visited 1 branch of the dungeon, and saw 2 of its levels.

You collected 143 gold pieces.


Innate Abilities, Weirdness & Mutations

You have a beak for a mouth.
You have claws for feet.


   Skills:
 - Level 2.0 Fighting
 + Level 5.1 Axes
 - Level 1.0 Throwing
 - Level 1.1 Armour
 - Level 2.1 Dodging
 - Level 2.0 Spellcasting
 - Level 2.4 Translocations


You had 7 spell levels left.
You didn't know any spells.
Your spell library contained the following spells:

 Spells                   Type           Power      Damage    Failure   Level
 Blink                    Tloc           14%        N/A       99%         2
 Gell's Gravitas          Tloc           7%         N/A       100%        3
 Lesser Beckoning         Tloc           7%         N/A       100%        3
 Teleport Other           Tloc           7%         N/A       100%        3
 Manifold Assault         Tloc           7%         N/A       100%        5

Inventory:

Hand Weapons
 k - a +0 whip
 Y - a +0 hand axe (weapon)
Missiles
 d - 6 boomerangs (quivered)
Armour
 j - a +0 chain mail (worn)
Scrolls
 a - a scroll of immolation {unknown}
 c - 3 scrolls of identify
Potions
 e - a potion of berserk rage {unknown}
 g - a potion of curing {unknown}

Dungeon Overview and Level Annotations

Branches:
Dungeon (2/15)

Altars:
Makhleb


Message History

The orc is severely wounded.
You hit the orc priest but do no damage.
The orc hits you but does no damage.
The orc priest hits you but does no damage.
You closely miss the orc. You claw the orc.
You kill the orc!
You closely miss the orc priest.
You hit the orc priest but do no damage.
The orc priest is lightly wounded.
You barely miss the orc priest.
The orc priest hits you but does no damage.
The orc priest invokes the aid of Beogh against you.
You barely resist. You hit the orc priest. Your peck misses the orc priest.
The orc priest is lightly wounded.
You completely miss the orc priest. The orc priest hits you with a +0 club.
The orc priest hits you but does no damage.
You hit the orc priest. Your kick misses the orc priest.
The orc priest is moderately wounded.
You hit the orc priest. You closely miss the orc priest.
The orc priest looks braver for a moment.
The orc priest hits you but does no damage.
The orc priest hits you with a +0 short sword.
You hit the orc priest.
You claw the orc priest, but do no damage.
You punch the orc priest, but do no damage.
The orc priest is heavily wounded.
You completely miss the orc priest. You closely miss the orc priest.
The orc priest hits you but does no damage.
The orc priest calls down the wrath of Beogh upon you.
Beogh smites you!
Ouch! That really hurt!
The orc priest barely misses you.
1904 ||| READING scroll of teleportation.
As you read the scroll of teleportation, it crumbles to dust.
You feel strangely unstable. The orc priest hits you with a +0 whip.
The orc priest closely misses you.
The orc priest hits you with a +0 short sword.
You die...

#.. . #.. .. ##.. .. ...
... ..# ....#..####.#
.......$#...#
......ooo##.# #. #@.##.#
#..#...#.############
.##....................
.............##.#######.
.###..#.#.##.##.# #####.
.....#.#.##.##.# #.....
.. ####.###.##.##.#
#..... ..########.#
#.##.##.# #.....
...........#
#.##.##[###....#


You could see 3 orc priests.

Vanquished Creatures
  Jessica (D:2)
  An adder (D:2)
  3 dart slugs (D:2)
  An orc (D:2)
  4 ball pythons
  5 bats
  7 endoplasms
  2 giant cockroaches
  A goblin (D:2)
  4 quokkas
  11 kobolds
40 creatures vanquished.

Vanquished Creatures (others)
  4 plants (D:1)
4 creatures vanquished.

Grand Total: 44 creatures vanquished

Notes
Turn   | Place    | Note
-------+----------+-------------------------------------------
     0 | D:1      | qw the Tengu Warper began the quest for the Orb.
     0 | D:1      | Reached XP level 1. HP: 12/12 MP: 4/4
     0 | D:1      | 0 ||| qw: Version: 0.1-a-89-g26bdef1
     0 | D:1      | 0 ||| qw: Game counter: 1240
     0 | D:1      | 0 ||| qw: Always use a shield: true
     0 | D:1      | 0 ||| qw: God list: Okawaru
     0 | D:1      | 0 ||| qw: Allow faded altars: false
     0 | D:1      | 0 ||| qw: Do Orc after D:15 true
     0 | D:1      | 0 ||| qw: Do second Lair branch before Depths: true
     0 | D:1      | 0 ||| qw: Lair rune preference: random
     0 | D:1      | 0 ||| qw: Plans: Normal
     0 | D:1      | 0 ||| PLANNING D:1-11
   154 | D:1      | Found a faded altar of an unknown god.
   195 | D:1      | Reached skill level 3 in Axes
   195 | D:1      | Reached XP level 2. HP: 17/17 MP: 6/6
   328 | D:1      | 328 ||| DROPPING +0 club.
   836 | D:1      | Reached XP level 3. HP: 21/21 MP: 7/7
  1097 | D:1      | 1097 ||| Stepping ~*~*~tactically~*~*~ (stealth).
  1099 | D:1      | 1099 ||| Stepping ~*~*~tactically~*~*~ (stealth).
  1235 | D:1      | 1235 ||| UPGRADING to +0 chain mail.
  1245 | D:1      | 1245 ||| DROPPING +0 leather armour.
  1246 | D:1      | 1246 ||| DROPPING +6 ring of intelligence.
  1247 | D:1      | 1247 ||| READING scroll labelled VUECSEY ROMP.
  1248 | D:1      | 1248 ||| READING scroll labelled FIR USTUMYF.
  1251 | D:1      | 1251 ||| READING scroll labelled JAS ITYCRU.
  1252 | D:1      | 1252 ||| READING scroll labelled DEUNIO HAROOCI.
  1253 | D:1      | 1253 ||| DROPPING scroll of blinking.
  1319 | D:2      | 1319 ||| Stepping ~*~*~tactically~*~*~ (stealth).
  1322 | D:2      | 1322 ||| Stepping ~*~*~tactically~*~*~ (stealth).
  1328 | D:2      | Reached skill level 4 in Axes
  1340 | D:2      | Noticed Jessica
  1341 | D:2      | 1341 ||| Stepping ~*~*~tactically~*~*~ (stealth).
  1346 | D:2      | Killed Jessica
  1347 | D:2      | Reached XP level 4. HP: 22/26 MP: 8/8
  1347 | D:2      | 1347 ||| Stepping ~*~*~tactically~*~*~ (hiding).
  1348 | D:2      | 1348 ||| FLEEEEING.
  1349 | D:2      | 1349 ||| FLEEEEING.
  1350 | D:2      | 1350 ||| Stepping ~*~*~tactically~*~*~ (hiding).
  1660 | D:2      | 1660 ||| FLEEEEING.
  1661 | D:2      | 1661 ||| FLEEEEING.
  1662 | D:2      | 1662 ||| FLEEEEING.
  1663 | D:2      | 1663 ||| FLEEEEING.
  1664 | D:2      | 1664 ||| FLEEEEING.
  1665 | D:2      | 1665 ||| FLEEEEING.
  1666 | D:2      | 1666 ||| FLEEEEING.
  1667 | D:2      | 1667 ||| FLEEEEING.
  1668 | D:2      | 1668 ||| FLEEEEING.
  1669 | D:2      | 1669 ||| FLEEEEING.
  1672 | D:2      | 1672 ||| FLEEEEING.
  1673 | D:2      | 1673 ||| FLEEEEING.
  1674 | D:2      | 1674 ||| FLEEEEING.
  1675 | D:2      | 1675 ||| FLEEEEING.
  1676 | D:2      | 1676 ||| FLEEEEING.
  1677 | D:2      | 1677 ||| FLEEEEING.
  1678 | D:2      | 1678 ||| FLEEEEING.
  1679 | D:2      | 1679 ||| FLEEEEING.
  1680 | D:2      | 1680 ||| FLEEEEING.
  1681 | D:2      | 1681 ||| FLEEEEING.
  1682 | D:2      | 1682 ||| FLEEEEING.
  1684 | D:2      | 1684 ||| FLEEEEING.
  1685 | D:2      | 1685 ||| FLEEEEING.
  1686 | D:2      | 1686 ||| STAIRDANCE
  1778 | D:1      | 1778 ||| DROPPING scarf of harm.
  1779 | D:1      | 1779 ||| READING scroll labelled PACAGE NAEGG.
  1780 | D:1      | 1780 ||| READING 2 scrolls of identify.
  1780 | D:1      | 1780 ||| IDENTIFYING emerald potion
  1781 | D:1      | 1781 ||| DROPPING potion of magic.
  1787 | D:2      | Reached skill level 5 in Axes
  1844 | D:2      | Found a burning altar of Makhleb.
  1891 | D:2      | 1891 ||| Stepping ~*~*~tactically~*~*~ (hiding).
  1903 | D:2      | HP: 6/26 [orc priest/divine providence (14)]
  1904 | D:2      | 1904 ||| READING scroll of teleportation.
  1904 | D:2      | HP: 1/26 [orc priest/+0 whip (5)]
  1904 | D:2      | Slain by an orc priest

Levels and vault maps discovered:
D:1:      dpeg_arrival_water_fire, layout_basic,
          shapermc_ecumenical_altar_ellora
D:2:      layout_basic, basic_altar, minmay_tetromino_i4, uniq_jessica

Skill      XL: |  1  2  3  4 |
---------------+-------------+-----
Axes           | 3 4 5 |  5.1
Fighting       | |  2.0
Throwing       | |  1.0
Armour         | |  1.1
Dodging        | |  2.1
Spellcasting   | |  2.0
Translocations | |  2.4

Action                   |  1- 3 |  4- 6 || total
-------------------------+-------+-------++-------
Melee: Hand axe          |    62 |    42 ||   104
       Kick              |    13 |    11 ||    24
       Peck              |     6 |     9 ||    15
       Punch             |       |     1 ||     1
Throw: Boomerang         |     7 |     2 ||     9
  Use: Scroll            |     4 |     3 ||     7
Armor: Leather armour    |    23 |       ||    23
       Chain mail        |    10 |    33 ||    43
Dodge: Dodged            |    31 |    14 ||    45

Table legend:
 A = Non-vault XP
 B = Vault XP
 C = Vault XP percentage of total XP
 D = Non-vault monster count
 E = Vault monster count
 F = Vault count percentage of total count
                 A         B        C        D         E       F
            +---------+---------+-------+---------+---------+-------
      Total |      80 |      45 |  36.0 |      35 |       5 |  12.5
            +---------+---------+-------+---------+---------+-------
        D:1 |      40 |       0 |   0.0 |      24 |       0 |   0.0
        D:2 |      40 |      45 |  52.9 |      11 |       5 |  31.2
            +---------+---------+-------+---------+---------+-------
